[Event "Wednesday Apr 18 Engine Tour 9 rd Swiss 12m+1s Starts at 1600hrs ST"]
[Site "Infinity Chess"]
[Date "2018.4.18"]
[Round "8"]
[White "Mr Aj"]
[Black "MarioDeMonti"]
[Result "1-0"]
[ECO "A05"]
[WhiteElo "2457"]
[BlackElo "2449"]
[WhiteEngine "Houdini 6"]
[BlackEngine "stockfish_x64_bmi2_2018_02_18_CTG"]
[EventType "Swiss"]
[WhiteTeam ""]
[BlackTeam ""]
[PlyCount "137"]
[TimeControl "720+1"]

1. Nf3 Nf6 2. c4 e6 3. d4 d5 4. e3 c6 5. b3 Nbd7 6. Bd3 Bd6 7. Bb2 O-O 8. O-O b6 
9. Nbd2 Bb7 10. Re1 Qc7 11. e4 dxe4 12. Nxe4 Nxe4 13. Rxe4 Be7 14. Qc2 g6 
15. Re3 Bf6 16. c5 Bg7 17. h4 Nf6 18. Ree1 Nd5 19. a3 a5 20. h5 Ba6 21. Be4 Rab8 
22. Rad1 Nf4 23. hxg6 hxg6 24. Bc1 Nd5 25. Bg5 bxc5 26. dxc5 Rfe8 27. Nd4 Rbc8 
28. Bf3 Qd7 29. Bh4 Bb7 30. Qc4 Kh7 31. Bg3 Rh8 32. Bd6 Kg8 33. g3 Ra8 
34. Bg2 Qd8 35. Qc1 Rh5 36. Nf3 Qf6 37. Be5 Qe7 38. Bxg7 Kxg7 39. Qb2+ Qf6 
40. Ne5 Rah8 41. b4 a4 42. f4 Kg8 43. Rd4 Rf5 44. Qf2 Rh7 45. b5 cxb5 46. c6 Bc8 
47. Ng4 Qd8 48. Bxd5 exd5 49. c7 Qf8 50. Rd3 b4 51. Qb6 Rfh5 52. Nf6+ Kg7 
53. Kg2 Rh8 54. Qd4 Rh2+ 55. Kf3 Kh6 56. Rde3 Be6 57. axb4 Bh3 58. g4 Kg7 
59. Nh5+ Kh7 60. c8=Q Bg2+ 61. Kg3 gxh5 62. Qf5+ Kg8 63. Re8 Rh3+ 64. Kxg2 Rh2+ 
65. Kxh2 hxg4+ 66. Qxh8+ Kxh8 67. Rxf8+ Kg7 68. Rxf7+ Kh8 69. Re8# 1-0

[Event "Wednesday Apr 18 Engine Tour 9 rd Swiss 12m+1s Starts at 1600hrs ST"]
[Site "Infinity Chess"]
[Date "2018.4.18"]
[Round "8"]
[White "star99"]
[Black "Thinker"]
[Result "1/2-1/2"]
[ECO "C24"]
[WhiteElo "2445"]
[BlackElo "2459"]
[WhiteEngine "Cryptic Heroes 9.4B"]
[BlackEngine "BrainFish_180411_x64_modern_CTG"]
[EventType "Swiss"]
[WhiteTeam ""]
[BlackTeam ""]
[PlyCount "71"]
[TimeControl "720+1"]

1. e4 e5 2. Bc4 Nf6 3. d3 c6 4. Bb3 Bc5 5. Nf3 d6 6. h3 h6 7. a4 O-O 8. O-O Bb6 
9. Re1 Nbd7 10. Be3 Bxe3 11. Rxe3 Nc5 12. Bc4 Be6 13. b4 Bxc4 14. bxc5 Be6 
15. Qd2 b6 16. cxd6 Qxd6 17. c3 c5 18. Na3 Rfd8 19. Qb2 Nh5 20. d4 exd4 
21. cxd4 cxd4 22. Nb5 Qc5 23. Nbxd4 Nf4 24. a5 Bd7 25. axb6 axb6 26. Rxa8 Rxa8 
27. Nf5 Bxf5 28. exf5 Nd5 29. Rd3 Kh7 30. Qd4 Ra5 31. Qxc5 Rxc5 32. Nd4 Nf4 
33. Rf3 Nd5 34. Rd3 Nf4 35. Rf3 Nd5 36. Rd3 1/2-1/2

[Event "Wednesday Apr 18 Engine Tour 9 rd Swiss 12m+1s Starts at 1600hrs ST"]
[Site "Infinity Chess"]
[Date "2018.4.18"]
[Round "8"]
[White "SkyPilot"]
[Black "hafaba"]
[Result "1/2-1/2"]
[ECO "D02"]
[WhiteElo "2484"]
[BlackElo "2485"]
[WhiteEngine "stockfish_x64_bmi2_2018_04_07_CTG"]
[BlackEngine "Eman 1.70-beta21 64-bit POPCNT_CTG"]
[EventType "Swiss"]
[WhiteTeam ""]
[BlackTeam ""]
[PlyCount "119"]
[TimeControl "720+1"]

1. d4 d5 2. Nf3 Nf6 3. c4 e6 4. Nc3 c6 5. Bg5 h6 6. Bxf6 Qxf6 7. e3 Nd7 
8. Be2 g6 9. O-O Bg7 10. e4 dxe4 11. Nxe4 Qf4 12. Qc2 f5 13. Nc3 Bxd4 14. g3 Qd6 
15. Rad1 e5 16. Rfe1 O-O 17. Qd2 Kg7 18. Bf1 Nf6 19. b4 Qxb4 20. Nxd4 exd4 
21. Qxd4 Rf7 22. Ne2 Bd7 23. Nf4 Re8 24. Rxe8 Bxe8 25. Qxa7 Re7 26. a3 b6 
27. axb4 Rxa7 28. f3 Rd7 29. Rxd7+ Nxd7 30. Ng2 Kf6 31. f4 Bf7 32. Kf2 Ke7 
33. Bd3 Nb8 34. Ne3 Na6 35. Nc2 c5 36. b5 Nb4 37. Nxb4 cxb4 38. Ke3 Be6 
39. h3 Kd6 40. Kd4 Bd7 41. h4 Be6 42. Be2 b3 43. Kc3 Kc5 44. Kxb3 Bf7 
45. Bd3 Be6 46. h5 gxh5 47. Kc3 Bg8 48. Bxf5 Bxc4 49. Bg6 Bxb5 50. f5 Bc4 
51. Bxh5 b5 52. f6 b4+ 53. Kd2 Kd6 54. Ke3 b3 55. Kd2 Ke6 56. f7 Ke7 57. Kc3 Be6 
58. f8=Q+ Kxf8 59. Bd1 b2 60. Kxb2 1/2-1/2

[Event "Wednesday Apr 18 Engine Tour 9 rd Swiss 12m+1s Starts at 1600hrs ST"]
[Site "Infinity Chess"]
[Date "2018.4.18"]
[Round "7"]
[White "angriff"]
[Black "CrapCleaner"]
[Result "1/2-1/2"]
[ECO "C55"]
[WhiteElo "2370"]
[BlackElo "2468"]
[WhiteEngine "DracoREX 3.07 64BIT POPCNT_CTG"]
[BlackEngine "Raubfisch X38b_CTG"]
[EventType "Swiss"]
[WhiteTeam ""]
[BlackTeam ""]
[PlyCount "127"]
[TimeControl "720+1"]

1. e4 e5 2. Nf3 Nc6 3. Bc4 Nf6 4. d3 Bc5 5. O-O d6 6. c3 a5 7. Bg5 Ba7 
8. Nbd2 h6 9. Bh4 O-O 10. Re1 g5 11. Bg3 Nh7 12. h3 g4 13. hxg4 Bxg4 14. Bd5 Ng5 
15. Qc2 Qf6 16. Bxc6 bxc6 17. Nh4 Qg7 18. Kh1 f5 19. f3 f4 20. fxg4 fxg3 
21. Nf5 Qh8 22. Qb3+ Rf7 23. Qb7 Kh7 24. Qxc6 Ne6 25. d4 Rg8 26. Re3 Rxg4 
27. Nf1 exd4 28. Rxg3 Rg5 29. Rh3 Rg6 30. cxd4 Bxd4 31. Qc2 Nf4 32. Rh2 Bxb2 
33. Rb1 Be5 34. N1e3 Ne6 35. Rh3 Qe8 36. Rd1 Nc5 37. Nc4 Qe6 38. Nxe5 Qxe5 
39. Rd5 Qxe4 40. Rxc5 Qxc2 41. Rxc2 Rxf5 42. Rxc7+ Rg7 43. Rc2 Rd5 44. Re2 Rgg5 
45. Re7+ Rg7 46. Re2 Rd4 47. Re6 Rg6 48. Re7+ Kg8 49. Rh5 Rd1+ 50. Kh2 Rd2 
51. Rxa5 Rgxg2+ 52. Kh3 Rxa2 53. Rxa2 Rxa2 54. Re6 Rd2 55. Rxh6 Kg7 56. Re6 Rd4 
57. Kg2 Kf7 58. Re1 Kf6 59. Kf3 Kf5 60. Re7 Rd5 61. Ke2 Kf4 62. Rh7 Rd4 
63. Rh5 Ke4 64. Rg5 1/2-1/2

[Event "Wednesday Apr 18 Engine Tour 9 rd Swiss 12m+1s Starts at 1600hrs ST"]
[Site "Infinity Chess"]
[Date "2018.4.18"]
[Round "7"]
[White "RonWeasley"]
[Black "MarioDeMonti"]
[Result "0-1"]
[ECO "E73"]
[WhiteElo "2478"]
[BlackElo "2431"]
[WhiteEngine "BrainFish 090218_CTG"]
[BlackEngine "stockfish_x64_bmi2_2018_02_18_CTG"]
[EventType "Swiss"]
[WhiteTeam ""]
[BlackTeam ""]
[PlyCount "204"]
[TimeControl "720+1"]

1. d4 Nf6 2. c4 g6 3. Nc3 Bg7 4. e4 d6 5. Be2 O-O 6. Nf3 e5 7. O-O Nc6 8. d5 Ne7 
9. Ne1 Nd7 10. f3 f5 11. Be3 f4 12. Bf2 g5 13. b4 Nf6 14. c5 Ng6 15. a4 a6 
16. c6 b6 17. Nd3 h5 18. h3 g4 19. fxg4 hxg4 20. hxg4 Kf7 21. Be1 Rh8 
22. Nf2 Qg8 23. a5 Bh6 24. Bd2 b5 25. Ra3 Bg5 26. Nh3 Bh4 27. Bf3 Qg7 
28. Rb3 Ke7 29. Qe2 Bg3 30. g5 Bxh3 31. gxf6+ Kxf6 32. gxh3 Rxh3 33. Bg2 Rh2 
34. Qg4 Nh4 35. Qe6+ Kg5 36. Bf3 Nxf3+ 37. Rxf3 Kh4 38. Kf1 Rxd2 39. Ne2 Rf8 
40. Rbd3 Rb2 41. Rb3 Rxb3 42. Rxb3 Kh5 43. Rc3 Qg4 44. Qd7 Qg6 45. Qh3+ Bh4 
46. Ng1 Qg4 47. Qxg4+ Kxg4 48. Nf3 Rg8 49. Ra3 Rg7 50. Rd3 Kh5 51. Rd1 Rg3 
52. Kf2 Rh3+ 53. Nxh4 Kxh4 54. Rg1 Re3 55. Rg7 Rxe4 56. Rxc7 Rc4 57. Rd7 e4 
58. Rxd6 Rc2+ 59. Ke1 f3 60. Kd1 Rc4 61. Kd2 Kg5 62. Re6 Kf4 63. d6 Kf5 
64. Rh6 f2 65. Rh1 Rxc6 66. d7 Rd6+ 67. Ke3 Rxd7 68. Kxf2 Ke5 69. Rg1 Rd3 
70. Rc1 Rb3 71. Rc6 Rxb4 72. Rxa6 Kd4 73. Rd6+ Kc5 74. Re6 Ra4 75. a6 b4 
76. Ke2 Ra2+ 77. Kd1 b3 78. Kc1 Kd5 79. Rb6 e3 80. Rxb3 Ra1+ 81. Kb2 e2 
82. Kxa1 e1=Q+ 83. Rb1 Qc3+ 84. Rb2 Kc4 85. Ka2 Qa5+ 86. Kb1 Qf5+ 87. Ka2 Kc3 
88. Rb3+ Kc2 89. Rb2+ Kc1 90. Ka3 Qa5+ 91. Kb3 Qb5+ 92. Kc3 Qxb2+ 93. Kc4 Qb6 
94. Kd5 Qxa6 95. Ke5 Qc6 96. Kd4 Qd6+ 97. Ke3 Qb4 98. Kf3 Kd2 99. Kg3 Ke3 
100. Kg2 Qg4+ 101. Kf1 Qg7 102. Ke1 Qa1# 0-1

[Event "Wednesday Apr 18 Engine Tour 9 rd Swiss 12m+1s Starts at 1600hrs ST"]
[Site "Infinity Chess"]
[Date "2018.4.18"]
[Round "7"]
[White "Thinker"]
[Black "ludimilojko"]
[Result "1-0"]
[ECO "C55"]
[WhiteElo "2448"]
[BlackElo "2311"]
[WhiteEngine "BrainFish_180411_x64_modern_CTG"]
[BlackEngine "corchess_x64_CTG"]
[EventType "Swiss"]
[WhiteTeam ""]
[BlackTeam ""]
[PlyCount "122"]
[TimeControl "720+1"]

1. e4 e5 2. Nf3 Nc6 3. Bc4 Nf6 4. d3 Bc5 5. c3 d6 6. O-O O-O 7. h3 a6 8. Re1 Ba7 
9. Bb3 h6 10. Nbd2 Re8 11. Nf1 Be6 12. Bc2 d5 13. Qe2 b5 14. Bd2 Qd7 15. Ng3 d4 
16. a4 Bc5 17. Rec1 Qd6 18. Qe1 Bb6 19. Rab1 Red8 20. Rd1 Rab8 21. Ne2 dxc3 
22. bxc3 Qe7 23. Ng3 Nd7 24. axb5 axb5 25. Be3 Bxe3 26. Qxe3 Qa3 27. Rdc1 Ne7 
28. d4 exd4 29. Nxd4 Qc5 30. f4 Ba2 31. Rb2 Bc4 32. Kh2 Nb6 33. Rcb1 c6 
34. Ra1 Kh8 35. Qf3 Ra8 36. Rbb1 Na4 37. Re1 Ra7 38. Nh5 Rg8 39. e5 Bd5 
40. Qf2 f5 41. exf6 gxf6 42. g4 Rf8 43. Qg3 Rd7 44. g5 hxg5 45. fxg5 Qxc3 
46. Qf2 c5 47. Nxf6 Qxd4 48. Qxd4 cxd4 49. Nxd7 Rf2+ 50. Kg3 Rf3+ 51. Kg4 Re3 
52. Nf6 Bf7 53. Rxe3 dxe3 54. Bxa4 bxa4 55. Rxa4 Kg7 56. Re4 Kf8 57. Rxe3 Bg6 
58. Rxe7 Kxe7 59. h4 Kf7 60. h5 Bb1 61. Kf4 Kg7 1-0

[Event "Wednesday Apr 18 Engine Tour 9 rd Swiss 12m+1s Starts at 1600hrs ST"]
[Site "Infinity Chess"]
[Date "2018.4.18"]
[Round "7"]
[White "ocirema"]
[Black "Time_bandit"]
[Result "1/2-1/2"]
[ECO "C55"]
[WhiteElo "2438"]
[BlackElo "2458"]
[WhiteEngine "asmFishW_2018-04-11_popcnt"]
[BlackEngine "asmFishW_2018-04-11_bmi2"]
[EventType "Swiss"]
[WhiteTeam ""]
[BlackTeam ""]
[PlyCount "137"]
[TimeControl "720+1"]

1. e4 e5 2. Nf3 Nc6 3. Bc4 Nf6 4. d3 Bc5 5. c3 d6 6. O-O a5 7. Re1 O-O 
8. Nbd2 h6 9. Nf1 a4 10. h3 Ra5 11. Ng3 Bb6 12. Rb1 Be6 13. Bxe6 fxe6 
14. Be3 Bxe3 15. Rxe3 Nh7 16. Qe2 Rf7 17. Rd1 Nf8 18. d4 Ng6 19. Qd2 Ra8 
20. Ne2 Qf6 21. Qd3 Rff8 22. Rf1 Qf7 23. Qc2 b5 24. b4 axb3 25. axb3 Qe7 
26. g3 Qf7 27. Kg2 Ra6 28. Qd3 Rb8 29. Qd2 Ra3 30. Qc2 Ra6 31. Nc1 Qf6 
32. h4 Rf8 33. Qd2 Raa8 34. Qd3 Ra1 35. h5 Nge7 36. dxe5 Nxe5 37. Nxe5 Qxe5 
38. Qe2 Qg5 39. f4 Qc5 40. Nd3 Qa3 41. Rxa1 Qxa1 42. Nf2 Qa6 43. Rf3 Qc6 
44. g4 Ra8 45. g5 d5 46. gxh6 gxh6 47. exd5 Qxd5 48. c4 bxc4 49. bxc4 Qc6 
50. Ng4 Nf5 51. Ne5 Qa4 52. Rd3 Qa1 53. Rd2 Qc3 54. Qd3 Qxd3 55. Rxd3 Ng7 
56. Rd7 Nxh5 57. Rxc7 Nxf4+ 58. Kg3 Rf8 59. c5 h5 60. c6 Nd5 61. Rb7 Rf5 
62. Nd7 Kf7 63. c7 h4+ 64. Kg2 h3+ 65. Kxh3 Nxc7 66. Rxc7 Ke7 67. Nb8+ Kf6 
68. Kg4 Rg5+ 69. Kf3 1/2-1/2

[Event "Wednesday Apr 18 Engine Tour 9 rd Swiss 12m+1s Starts at 1600hrs ST"]
[Site "Infinity Chess"]
[Date "2018.4.18"]
[Round "7"]
[White "Marsell"]
[Black "Deep_Impact"]
[Result "1/2-1/2"]
[ECO "C53"]
[WhiteElo "2473"]
[BlackElo "2400"]
[WhiteEngine "BrainFish_180408_x64_bmi2"]
[BlackEngine "BrainFish_180411_x64_bmi2"]
[EventType "Swiss"]
[WhiteTeam ""]
[BlackTeam ""]
[PlyCount "64"]
[TimeControl "720+1"]

1. e4 e5 2. Nf3 Nc6 3. Bc4 Bc5 4. c3 Nf6 5. d3 d6 6. O-O a5 7. Bg5 Ba7 
8. Nbd2 h6 9. Bh4 Qe7 10. Bb5 g5 11. Bg3 O-O 12. Nc4 Nh5 13. Bxc6 bxc6 
14. Nxa5 Nxg3 15. hxg3 Bd7 16. Qd2 f6 17. Nc4 h5 18. Ne3 Qh7 19. a4 h4 
20. g4 Bxe3 21. Qxe3 Bxg4 22. a5 Bc8 23. Nd2 Kf7 24. d4 Ba6 25. Rfb1 g4 
26. b4 Qh5 27. dxe5 Qxe5 28. c4 Rfb8 29. Qh6 Rh8 30. Qe3 Rhb8 31. Qh6 Rh8 
32. Qe3 Rhb8 1/2-1/2

[Event "Wednesday Apr 18 Engine Tour 9 rd Swiss 12m+1s Starts at 1600hrs ST"]
[Site "Infinity Chess"]
[Date "2018.4.18"]
[Round "7"]
[White "ivrdurant"]
[Black "star99"]
[Result "1/2-1/2"]
[ECO "B53"]
[WhiteElo "2389"]
[BlackElo "2447"]
[WhiteEngine "Raubfisch X38b"]
[BlackEngine "Cryptic Heroes 9.4B"]
[EventType "Swiss"]
[WhiteTeam ""]
[BlackTeam ""]
[PlyCount "93"]
[TimeControl "720+1"]

1. e4 c5 2. Nf3 d6 3. d4 Nf6 4. dxc5 Nxe4 5. cxd6 Nc6 6. Be3 e5 7. Bd3 Nf6 
8. Nc3 Bxd6 9. O-O h6 10. Qe2 O-O 11. Rad1 Qe7 12. Nd2 Rd8 13. Nde4 Nd4 
14. Bxd4 exd4 15. Nxd6 Qxd6 16. Ne4 Nxe4 17. Qxe4 g6 18. b3 Kg7 19. f4 Rb8 
20. f5 Bxf5 21. Qf3 Qe6 22. Bxf5 Qxf5 23. Qxf5 gxf5 24. Rxf5 Rbc8 25. Rd2 Rc3 
26. Kf1 Rdc8 27. Rff2 R8c5 28. Rxd4 Rxc2 29. Rdf4 Rxf2+ 30. Rxf2 a5 31. Rd2 b5 
32. Kf2 Kf6 33. Kf3 Kg6 34. Ke4 b4 35. Kd4 Rh5 36. h3 f6 37. Kc4 Rg5 
38. Rd5 Rxg2 39. Rxa5 f5 40. Kxb4 f4 41. Ra8 Kh5 42. Rf8 Rxa2 43. Rxf4 Rh2 
44. h4 Rxh4 45. Rxh4+ Kxh4 46. Ka4 h5 47. b4 1/2-1/2

[Event "Wednesday Apr 18 Engine Tour 9 rd Swiss 12m+1s Starts at 1600hrs ST"]
[Site "Infinity Chess"]
[Date "2018.4.18"]
[Round "7"]
[White "hafaba"]
[Black "Mr Aj"]
[Result "1-0"]
[ECO "D30"]
[WhiteElo "2469"]
[BlackElo "2473"]
[WhiteEngine "Eman 1.70-beta21 64-bit POPCNT_CTG"]
[BlackEngine "Houdini 6"]
[EventType "Swiss"]
[WhiteTeam ""]
[BlackTeam ""]
[PlyCount "139"]
[TimeControl "720+1"]

1. d4 d5 2. c4 e6 3. Nf3 Nf6 4. Nc3 c6 5. Bg5 h6 6. Bxf6 Qxf6 7. e3 Nd7 
8. Be2 g6 9. O-O Bg7 10. e4 dxe4 11. Nxe4 Qf4 12. Qc2 f5 13. Ned2 c5 14. g3 Qd6 
15. Nh4 Kf7 16. d5 Rd8 17. dxe6+ Qxe6 18. Bf3 Nb6 19. Ng2 Bd7 20. Nf4 Qf6 
21. Rab1 Bc6 22. Bxc6 Qxc6 23. Rfe1 Re8 24. h4 Rad8 25. h5 g5 26. Ng6 f4 
27. Nf1 fxg3 28. Nxg3 Qf3 29. b3 Nc8 30. Rxe8 Rxe8 31. b4 cxb4 32. Rd1 Nb6 
33. c5 Nd5 34. Rd3 Re3 35. fxe3 Qxg3+ 36. Qg2 Qxg2+ 37. Kxg2 Nf6 38. Rb3 a5 
39. Ne5+ Ke6 40. Nc4 Bf8 41. Nxa5 Bxc5 42. Nxb7 Be7 43. Na5 Kd7 44. Rd3+ Kc7 
45. Rd1 Bf8 46. Nc4 Nxh5 47. Kf3 Bg7 48. Kg4 Nf6+ 49. Kf5 h5 50. e4 g4 
51. e5 Ne8 52. Rh1 Bf8 53. Ke4 g3 54. Rxh5 Kc6 55. Rg5 Kc5 56. Rxg3 Nc7 
57. Rg8 Ne6 58. Kf5 Ng7+ 59. Kf6 Nh5+ 60. Kf7 Be7 61. Kxe7 Nf4 62. e6 Nh3 
63. Kf7 Kd4 64. e7 Kxc4 65. e8=Q Ng5+ 66. Rxg5 Kd4 67. Rg4+ Kd3 68. Qe4+ Kd2 
69. Rg2+ Kc1 70. Qe1# 1-0

[Event "Wednesday Apr 18 Engine Tour 9 rd Swiss 12m+1s Starts at 1600hrs ST"]
[Site "Infinity Chess"]
[Date "2018.4.18"]
[Round "7"]
[White "Seliga"]
[Black "SkyPilot"]
[Result "1/2-1/2"]
[ECO "E60"]
[WhiteElo "2489"]
[BlackElo "2484"]
[WhiteEngine "SF9 ''A5''_CTG"]
[BlackEngine "stockfish_x64_bmi2_2018_04_07_CTG"]
[EventType "Swiss"]
[WhiteTeam ""]
[BlackTeam ""]
[PlyCount "132"]
[TimeControl "720+1"]

1. d4 Nf6 2. c4 g6 3. Nf3 d6 4. Nc3 Bg7 5. g3 c6 6. Bg2 Nbd7 7. O-O O-O 8. e4 e5 
9. b3 a6 10. Qc2 Re8 11. dxe5 dxe5 12. Be3 b5 13. Rab1 Qc7 14. Rfd1 Ng4 
15. Bg5 h6 16. Bc1 Bf8 17. h3 Ngf6 18. Be3 Bb7 19. Nd2 b4 20. Na4 c5 21. Nf1 a5 
22. f3 Nh5 23. Bf2 Bc6 24. Nb2 Ng7 25. Ne3 Ne6 26. Nd5 Qd8 27. Nd3 Nd4 
28. Qd2 a4 29. Bxd4 exd4 30. f4 Nf6 31. Re1 axb3 32. axb3 Ra7 33. Nxf6+ Qxf6 
34. e5 Qe6 35. g4 f5 36. exf6 Qxf6 37. Bd5+ Kh8 38. Rxe8 Bxe8 39. Re1 Bf7 
40. Bxf7 Qxf7 41. Qg2 Kg7 42. Qf3 Bd6 43. Kf2 Re7 44. Rxe7 Qxe7 45. Kf1 Qa7 
46. f5 gxf5 47. gxf5 Qe7 48. Nf2 Qe5 49. h4 Qg3 50. Qe4 Kf8 51. f6 Kf7 
52. Qh7+ Ke6 53. Qxh6 Qxb3 54. f7+ Kxf7 55. Qxd6 Qxc4+ 56. Ke1 Qc1+ 57. Nd1 Kg7 
58. Qg3+ Kf7 59. h5 Qc2 60. h6 b3 61. Qg7+ Ke6 62. h7 Qe4+ 63. Kf1 Qd3+ 
64. Ke1 Qe4+ 65. Kf1 Qd3+ 66. Ke1 Qe4+ 1/2-1/2

[Event "Wednesday Apr 18 Engine Tour 9 rd Swiss 12m+1s Starts at 1600hrs ST"]
[Site "Infinity Chess"]
[Date "2018.4.18"]
[Round "6"]
[White "RonWeasley"]
[Black "ludimilojko"]
[Result "1/2-1/2"]
[ECO "D30"]
[WhiteElo "2485"]
[BlackElo "2304"]
[WhiteEngine "BrainFish 090218_CTG"]
[BlackEngine "corchess_x64_CTG"]
[EventType "Swiss"]
[WhiteTeam ""]
[BlackTeam ""]
[PlyCount "100"]
[TimeControl "720+1"]

1. d4 d5 2. c4 e6 3. Nf3 Nf6 4. Nc3 c6 5. Bg5 h6 6. Bxf6 Qxf6 7. e3 Nd7 
8. Be2 g6 9. O-O Bg7 10. e4 dxe4 11. Nxe4 Qf4 12. Qc2 f5 13. Ned2 c5 14. g3 Qd6 
15. Nh4 Kf7 16. d5 e5 17. Rae1 h5 18. Kg2 Nf6 19. b4 b6 20. bxc5 bxc5 
21. Ndf3 Nh7 22. Bd3 e4 23. Bxe4 fxe4 24. Rxe4 Nf8 25. Rfe1 Kg8 26. Ng5 Qf6 
27. Qd2 Bh6 28. f4 Rb8 29. Kg1 Rb2 30. Qe3 Bd7 31. Qxc5 Rxa2 32. Ngf3 Qb6 
33. Qe3 Ra3 34. Qf2 Rc3 35. R1e3 Rc1+ 36. Re1 Rc3 37. R1e3 Rc1+ 38. Re1 Rc2 
39. Qxb6 axb6 40. Ra1 Rh7 41. Ra8 Bh3 42. Ne1 Rc1 43. Nxg6 Rc7 44. Kf2 R7xc4 
45. Rxc4 Rxc4 46. Nf3 Rc2+ 47. Ke3 Rc3+ 48. Kf2 Rc2+ 49. Ke3 Rc3+ 50. Kf2 Rc2+ 
1/2-1/2

[Event "Wednesday Apr 18 Engine Tour 9 rd Swiss 12m+1s Starts at 1600hrs ST"]
[Site "Infinity Chess"]
[Date "2018.4.18"]
[Round "6"]
[White "CrapCleaner"]
[Black "Deep_Impact"]
[Result "0-1"]
[ECO "C50"]
[WhiteElo "2488"]
[BlackElo "2380"]
[WhiteEngine "Raubfisch X38b_CTG"]
[BlackEngine "BrainFish_180411_x64_bmi2"]
[EventType "Swiss"]
[WhiteTeam ""]
[BlackTeam ""]
[PlyCount "43"]
[TimeControl "720+1"]

1. e4 e5 2. Nf3 Nc6 3. Bc4 Bc5 4. O-O Nf6 5. d3 d6 6. c3 a5 7. Bg5 Ba7 
8. Nbd2 h6 9. Bh4 Qe7 10. Kh1 g5 11. Bg3 Bd7 12. Qb3 h5 13. h4 gxh4 
14. Bxh4 O-O-O 15. d4 Rdg8 16. d5 Nb8 17. g3 Bh3 18. Bb5 Nbd7 19. Nc4 Nc5 
20. Qa3 Kb8 21. Nxa5 Rh6 22. c4 0-1

[Event "Wednesday Apr 18 Engine Tour 9 rd Swiss 12m+1s Starts at 1600hrs ST"]
[Site "Infinity Chess"]
[Date "2018.4.18"]
[Round "6"]
[White "MarioDeMonti"]
[Black "angriff"]
[Result "1-0"]
[ECO "C55"]
[WhiteElo "2416"]
[BlackElo "2385"]
[WhiteEngine "stockfish_x64_bmi2_2018_02_18_CTG"]
[BlackEngine "DracoREX 3.07 64BIT POPCNT_CTG"]
[EventType "Swiss"]
[WhiteTeam ""]
[BlackTeam ""]
[PlyCount "135"]
[TimeControl "720+1"]

1. e4 e5 2. Nf3 Nc6 3. Bc4 Nf6 4. d3 Bc5 5. c3 d6 6. O-O O-O 7. Bg5 h6 8. Bh4 a6 
9. Nbd2 Ba7 10. Bb3 g5 11. Bg3 Na5 12. Ba4 Nh5 13. b4 Nxg3 14. hxg3 Nc6 
15. Bxc6 bxc6 16. Nb3 Bd7 17. Qd2 g4 18. Nh4 Qg5 19. Qe1 Rab8 20. Rb1 Rb6 
21. Na5 c5 22. Nc4 Rb5 23. a3 h5 24. Kh2 Rbb8 25. Ne3 Kh8 26. Nd5 c6 27. Ne3 Be6 
28. Nef5 Kh7 29. f4 exf4 30. Rxf4 cxb4 31. axb4 d5 32. e5 f6 33. Nd4 Bxd4 
34. cxd4 fxe5 35. Rxf8 Rxf8 36. Qc3 Bd7 37. dxe5 Qh6 38. Re1 Re8 39. d4 Kg8 
40. Qc5 Rf8 41. e6 Bxe6 42. Qxc6 Rf6 43. Qxa6 Bf7 44. Qa7 Ra6 45. Qb8+ Qf8 
46. Qc7 Rf6 47. Re5 Qd6 48. Qc8+ Kh7 49. b5 Rf1 50. Rf5 Rxf5 51. Qxf5+ Kg8 
52. Qc8+ Kh7 53. Qb7 Kg8 54. Qa8+ Kh7 55. Qa7 Kh8 56. b6 Bg8 57. b7 Bh7 
58. b8=Q+ Qxb8 59. Qxb8+ Kg7 60. Qb7+ Kg8 61. Qxd5+ Kg7 62. Qe6 Bb1 63. d5 Bd3 
64. d6 Bb1 65. Qe7+ Kh6 66. d7 Ba2 67. d8=Q Bb1 68. Qd2# 1-0

[Event "Wednesday Apr 18 Engine Tour 9 rd Swiss 12m+1s Starts at 1600hrs ST"]
[Site "Infinity Chess"]
[Date "2018.4.18"]
[Round "6"]
[White "Thinker"]
[Black "ocirema"]
[Result "1/2-1/2"]
[ECO "C50"]
[WhiteElo "2448"]
[BlackElo "2438"]
[WhiteEngine "BrainFish_180411_x64_modern_CTG"]
[BlackEngine "asmFishW_2018-04-11_popcnt"]
[EventType "Swiss"]
[WhiteTeam ""]
[BlackTeam ""]
[PlyCount "280"]
[TimeControl "720+1"]

1. e4 e5 2. Nf3 Nc6 3. Bc4 Bc5 4. O-O Nf6 5. d3 d6 6. c3 O-O 7. h3 a5 8. Nbd2 h6 
9. Re1 Be6 10. a4 Ba7 11. b3 d5 12. Bb5 Ne7 13. exd5 Nfxd5 14. Bb2 c6 
15. Bc4 Qb6 16. d4 exd4 17. Nxd4 Nf5 18. Ne4 Nxd4 19. cxd4 Rae8 20. Qf3 Bb8 
21. Ba3 Nb4 22. Qc3 Qc7 23. Ng3 Rd8 24. Rad1 Qd6 25. Bxe6 fxe6 26. Rd2 Rf6 
27. Qc4 Bc7 28. Re5 Rg6 29. Nf5 Qd7 30. Bxb4 axb4 31. Re1 Rf8 32. Nh4 Rgf6 
33. Qd3 Qd6 34. Nf3 Qd5 35. Rde2 Rd8 36. Re4 Bd6 37. Qc2 Rdf8 38. Kf1 Bc7 
39. R1e2 Bd6 40. Re1 Bb8 41. Kg1 Bf4 42. Rd1 Rf5 43. Nh4 R5f6 44. Re2 Bb8 
45. Ng6 Re8 46. Ne5 Rf4 47. Qg6 Ref8 48. Qd3 Rd8 49. Ng6 Rf7 50. Ne5 Rf5 
51. Nf3 Rf4 52. Ree1 Bd6 53. Qe3 Rf6 54. Qd3 Rdf8 55. Kf1 Qh5 56. Re3 Bf4 
57. Re2 Bg3 58. Qe4 Bc7 59. Ne1 Bb6 60. Nd3 Rd8 61. Ne5 Qf5 62. Nf3 Qd5 
63. Qd3 c5 64. Re5 Qc6 65. Rc1 Qd6 66. Rce1 cxd4 67. Nh2 Rdf8 68. Ng4 Rf5 
69. Rxe6 Qc5 70. R6e5 Qc3 71. Qb5 Bc5 72. Rxf5 Rxf5 73. Qe8+ Rf8 74. Qe6+ Kh7 
75. Qe4+ Kg8 76. Qd5+ Kh8 77. Ne5 Qc2 78. f3 d3 79. Nxd3 Ba7 80. Qc4 Qd2 
81. Re2 Qd1+ 82. Ne1 Qd6 83. Re6 Qd2 84. Re2 Qd6 85. Nd3 Rd8 86. Nf2 Qg3 
87. Qc1 Bxf2 88. Rxf2 Qh2 89. Rc2 Qh1+ 90. Kf2 Qxc1 91. Rxc1 Rd3 92. Rb1 Rd2+ 
93. Kg3 Kh7 94. Rc1 Rd3 95. Rc5 Rxb3 96. Rb5 Rb2 97. h4 Kg6 98. h5+ Kf7 
99. f4 b3 100. Rxb7+ Kf6 101. Kf3 Ra2 102. Rxb3 Rxa4 103. g4 Ke6 104. Rc3 Kf7 
105. Re3 Kf6 106. Kg3 Ra6 107. Rf3 Kf7 108. Rb3 Ra4 109. Rb7+ Kf6 110. Rb2 Ra3+ 
111. Kh2 Ra4 112. Rf2 Ra3 113. Rd2 Ke7 114. Rd5 Ra4 115. Kg3 Ra3+ 116. Kf2 Kf7 
117. Rf5+ Ke6 118. Re5+ Kf7 119. Re3 Ra4 120. Kg3 Rc4 121. Ra3 Kf6 122. Ra7 Rc3+ 
123. Kh4 Rc4 124. Ra6+ Kf7 125. Ra7+ Kf8 126. Ra8+ Ke7 127. Kg3 Rc3+ 
128. Kf2 Rc2+ 129. Kf3 Rc4 130. Ra7+ Kf6 131. Ra8 Rc3+ 132. Kg2 Rc4 133. Kg3 Rc6 
134. Kf3 Rc3+ 135. Kg2 Rc2+ 136. Kh3 Rd2 137. Ra6+ Kf7 138. Kg3 Rd3+ 
139. Kh2 Rc3 140. Ra4 Rc2+ 1/2-1/2

[Event "Wednesday Apr 18 Engine Tour 9 rd Swiss 12m+1s Starts at 1600hrs ST"]
[Site "Infinity Chess"]
[Date "2018.4.18"]
[Round "6"]
[White "hafaba"]
[Black "Time_bandit"]
[Result "1/2-1/2"]
[ECO "C55"]
[WhiteElo "2469"]
[BlackElo "2458"]
[WhiteEngine "Eman 1.70-beta21 64-bit POPCNT_CTG"]
[BlackEngine "asmFishW_2018-04-11_bmi2"]
[EventType "Swiss"]
[WhiteTeam ""]
[BlackTeam ""]
[PlyCount "110"]
[TimeControl "720+1"]

1. e4 e5 2. Nf3 Nc6 3. Bc4 Nf6 4. d3 Bc5 5. c3 d6 6. O-O a5 7. Re1 O-O 
8. Nbd2 h6 9. h3 Be6 10. a4 Bb6 11. b3 d5 12. Bb5 Ne7 13. exd5 Nfxd5 14. Qc2 c6 
15. Bc4 Ng6 16. d4 Ndf4 17. dxe5 Nh4 18. Bf1 Bd5 19. Re4 Nfg6 20. Bc4 Re8 
21. g3 Nxf3+ 22. Nxf3 Qd7 23. Bxd5 cxd5 24. Rg4 Qc6 25. Nd4 Bxd4 26. Rxd4 Nxe5 
27. Kg2 Rab8 28. Qd1 b5 29. Bf4 bxa4 30. bxa4 f6 31. Ra2 Rbd8 32. Rb2 Qxc3 
33. Rb3 Qc6 34. Rb5 Re7 35. Bd2 Rb7 36. Rxb7 Qxb7 37. Bxa5 Rd7 38. Bd2 g5 
39. a5 Kg7 40. f4 Nc4 41. Qf3 Qb2 42. Qf2 Kg8 43. a6 Qb6 44. fxg5 fxg5 
45. Qe2 Qxd4 46. Qe8+ Kg7 47. Qxd7+ Kf6 48. Qd8+ Kf7 49. Qc7+ Kg6 50. Qc6+ Kf7 
51. Qd7+ Kf6 52. Qd8+ Kf7 53. Qc7+ Kg6 54. Qc6+ Kg7 55. Qd7+ Kf6 1/2-1/2